 Dungeon Crawl Stone Soup version 0.20.0-15-g7f486f2 (webtiles) character file.

108 Kriby the Chopper (level 4, -5/41 HPs)
             Began as a Hill Orc Fighter on June 10, 2017.
             Killed from afar by Sigmund (9 damage)
             ... with a magic dart
             ... on level 3 of the Dungeon.
             The game lasted 00:01:58 (2456 turns).

Kriby the Chopper (Hill Orc Fighter)                Turns: 2456, Time: 00:01:58

Health: -5/41      AC:  0    Str: 19    XL:     4   Next: 87%
Magic:  4/4        EV: 17    Int:  8    God:
Gold:   56         SH:  0    Dex: 15    Spells: 3/3 levels left

rFire    . . .     SeeInvis .   (weapon currently unavailable)
rCold    . . .     Gourm    .   (shield currently unavailable)
rNeg     . . .     Faith    .   (armour currently unavailable)
rPois    .         Spirit   .   (helmet currently unavailable)
rElec    .         Reflect  .   (cloak currently unavailable)
rCorr    .         Harm     .   (gloves currently unavailable)
MR       .....                  (boots currently unavailable)
Stlth    +.........             q - amulet of inaccuracy (curse)
Regen    0.2/turn               (ring currently unavailable)
MPRegen  0.1/turn               (ring currently unavailable)

@: bat-form, flying, very quick
A: no striking features
a: no special abilities


You were on level 3 of the Dungeon.
You were not hungry.
You were in bat-form.
You visited 1 branch of the dungeon, and saw 3 of its levels.

You collected 56 gold pieces.

Inventory:

Hand Weapons
 a - a +0 war axe (melded)
Armour
 b - a +0 scale mail (melded)
 c - a +0 shield (melded)
 l - a +0 pair of gloves (melded)
Jewellery
 q - a cursed amulet of inaccuracy (around neck)
 s - an uncursed ring of fire {unknown}
 t - an uncursed ring of protection from magic {unknown}
Scrolls
 e - a scroll of noise {unknown}
 i - 2 scrolls of identify {unknown}
 m - a scroll of enchant weapon {unknown}
 r - a scroll of magic mapping {unknown}
Potions
 g - 3 potions of curing {unknown}
 k - a potion of ambrosia {unknown}
 o - 2 potions of berserk rage {unknown}
 p - a potion of brilliance {unknown}
Comestibles
 f - 3 bread rations
 h - a chunk of flesh
 j - a royal jelly
 n - 4 fruits


   Skills:
 + Level 4.6 Fighting
 * Level 5.7 Axes
 - Level 3.2 Armour
 - Level 3.2 Shields


You had 3 spell levels left.
You didn't know any spells.

Dungeon Overview and Level Annotations

Branches:
Dungeon (3/15)

Altars:

Annotations:
D:3 Sigmund


Message History

Sigmund is lightly wounded.
Sigmund hits you with a scythe!
Your scale mail prevents you from hitting Sigmund.
Sigmund is lightly wounded.
You block Sigmund's attack.
You miss Sigmund.
Sigmund is lightly wounded.
Sigmund giggles. "Time to reap what you sow."
Sigmund hits you with a scythe!
* * * LOW HITPOINT WARNING * * *
You slash Sigmund!
Sigmund is severely wounded.
Sigmund zaps a wand.
You turn into a bat.
Your +0 war axe melds into your body.
Your +0 pair of gloves melds into your body.
Your +0 shield melds into your body.
Your +0 scale mail melds into your body.
Sigmund zaps a wand.
You resist with some effort. Sigmund gestures at you while chanting.
The magic dart hits you!
You die...

.........!#.# #...#.. #.#
......###.#.###.#.#.# #.#
.........@...##.#.#.# #.#
.##.#.#.#.##.#....#.# #.#
.##.#.)......@......# #.#
.##.#...##..........#####.#
....................รท.....#
.#.##.####..........#######
.. #.# #......b..## . #.#
###.#....## #.# #.#....####
#$# #...........# #.#
###....####.# #...#.#
#.###.# #)# #.# #.# #.#


You could see Sigmund.

Vanquished Creatures
  Robin (D:2)
  2 adders
  A worm (D:2)
  3 dart slugs
  A leopard gecko (D:1)
  2 bats
  4 giant cockroaches
  16 goblins
  6 hobgoblins
  7 jackals
  8 kobolds
  3 quokkas
  4 frilled lizards
  5 rats
63 creatures vanquished.

Vanquished Creatures (others)
  A goblin (D:2)
1 creature vanquished.

Grand Total: 64 creatures vanquished

Notes
Turn   | Place    | Note
-------+----------+-------------------------------------------
     0 | D:1      | Kriby the Hill Orc Fighter began the quest for the Orb.
     0 | D:1      | Reached XP level 1. HP: 19/19 MP: 1/1
    60 | D:1      | Reached skill level 3 in Axes
   228 | D:1      | Reached XP level 2. HP: 16/27 MP: 2/2
   365 | D:1      | Reached skill level 4 in Axes
   449 | D:1      | Reached XP level 3. HP: 33/33 MP: 3/3
  1359 | D:2      | Noticed Robin
  1366 | D:2      | Killed Robin
  1366 | D:2      | Reached skill level 5 in Axes
  1366 | D:2      | Reached XP level 4. HP: 35/40 MP: 4/4
  2400 | D:3      | Noticed Sigmund
  2456 | D:3      | Killed from afar by Sigmund

Skill      XL: |  1  2  3 |
---------------+----------+-----
Axes           | 3 4 5 |  5.7
Fighting       | 4 |  4.6
Armour         | |  3.2
Shields        | |  3.2

Action                   |  1- 3 |  4- 6 || total
-------------------------+-------+-------++-------
Melee: War axe           |   105 |   122 ||   227
  Use: Potion            |       |     1 ||     1
  Eat: Chunk             |     2 |     3 ||     5
Armor: Scale mail        |    48 |    55 ||   103
Dodge: Dodged            |    24 |    41 ||    65
Block: Shield            |    54 |    60 ||   114
